 Dungeon Crawl Stone Soup version 0.31.0-11-ge490571c62 (webtiles) character file.

Game seed: 14728160151578663951

9769 Sobieck the Thaumaturge (level 11, -7/60 HPs)
             Began as a Deep Elf Conjurer on Jan 31, 2024.
             Was a Believer of Vehumet.
             Killed from afar by Lodul (15 damage)
             ... with a bolt of lightning
             ... on level 10 of the Dungeon.
             The game lasted 00:22:50 (9458 turns).

Sobieck the Thaumaturge (Deep Elf Conjurer)         Turns: 9458, Time: 00:22:51

Health: -7/60      AC: 15    Str:  4    XL:     11   Next: 27%
Magic:  23/30      EV: 19    Int: 28    God:    Vehumet [**....]
Gold:   202        SH:  0    Dex: 13    Spells: 21/36 levels left

rFire   . . .        g - staff of earth
rCold   . . .        u - orb {*channel}
rNeg    . . .        w - +0 steam dragon scales
rPois   .            y - +1 hat
rElec   .            m - +0 cloak
rCorr   .            p - +1 pair of gloves
SInv    .            t - +1 pair of boots
Will    +....        r - amulet of magic regeneration
Stlth   +++          i - +5 ring of evasion
HPRegen 0.30/turn    D - +4 ring of protection
MPRegen 0.62/turn

%: channel magic (20%)
@: no status effects
A: no striking features
a: Renounce Religion


You were on level 10 of the Dungeon.
You worshipped Vehumet.
Vehumet was pleased with you.
You visited 2 branches of the dungeon, and saw 11 of its levels.

You collected 562 gold pieces.
You spent 360 gold pieces at shops.

Inventory:

Missiles
 Z - 8 throwing nets
Armour
 m - a +0 cloak (worn)
 o - the +0 leather armour of Life {rN++ rCorr}
   (You found it on level 4 of the Dungeon)

   rN++:      It greatly protects you from negative energy.
   rCorr:     It protects you from acid and corrosion.
 p - a +1 pair of gloves (worn)
 q - the +5 ring mail of Recklessness {rC+ Dex+6}
   (You found it on level 4 of the Dungeon)

   Dex+6:     It affects your dexterity (+6).
   rC+:       It protects you from cold.
 t - a +1 pair of boots (worn)
 u - an orb of energy (worn)
 v - a +0 robe
 w - +0 steam dragon scales (worn)
 y - a +1 hat (worn)
Magical Staves
 g - a staff of earth (weapon)
 A - a staff of cold
Jewellery
 f - a ring of protection from fire
 i - a +5 ring of evasion (left hand)
 r - an amulet of magic regeneration (around neck)
 D - a +4 ring of protection (right hand)
Wands
 a - a wand of acid (4)
 B - a wand of polymorph (2)
 E - a wand of charming (13)
 I - a wand of iceblast (12)
 V - a wand of flame (12)
Scrolls
 l - a scroll of enchant weapon
 z - a scroll of silence {unknown}
 C - a scroll of poison {unknown}
 T - 2 scrolls of teleportation
Potions
 b - 2 potions of magic
 c - 2 potions of resistance {unknown}
 d - a potion of might {unknown}
 e - 2 potions of brilliance
 h - 2 potions of lignification
 j - a potion of heal wounds {unknown}
 k - 2 potions of attraction
 n - a potion of haste {unknown}
 s - 2 potions of enlightenment
 x - a potion of mutation {unknown}
 F - 2 potions of ambrosia


   Skills:
 + Level 3.3 Fighting
 + Level 5.7 Dodging
 - Level 5.0 Stealth
 * Level 13.4 Spellcasting
 * Level 11.2 Conjurations
 - Level 5.0 Translocations
 - Level 8.0 Alchemy


You had 21 spell levels left.
You knew the following spells:

 Your Spells              Type           Power      Damage    Failure   Level
a - Magic Dart            Conj           100%       1d8       1%          1
b - Searing Ray           Conj           100%       2d8       1%          2
c - Fulminant Prism       Conj/Alch      32%        3d15      3%          4
d - Iskenderun's Mystic   Conj/Tloc      59%        2d12      5%          4
e - Olgreb's Toxic Radia  Alch           59%        N/A       5%          4

Your spell library contained the following spells:

 Spells                   Type           Power      Damage    Failure   Level
 Scorch                   Fire           36%        2d6       13%         2
 Sting                    Conj/Alch      100%       1d9       1%          1
 Mercury Vapours          Alch/Air       82%        N/A       4%          2
 Hailstorm                Conj/Ice       50%        3d10      4%          3
 Freeze                   Ice            72%        1d8       10%         1
 Frozen Ramparts          Ice            36%        1d6       22%         3


Dungeon Overview and Level Annotations

Branches:
Dungeon (10/15)            Temple (1/1) D:7
   Lair: D:8-11         Orc: D:9-12

Altars:
Ashenzari
Cheibriados
Dithmenos
Elyvilon
Fedhas
Gozag
Hepliaklqana
Kikubaaqudgha
Makhleb
Nemelex Xobeh
Okawaru
Qazlal
Ru
Sif Muna
Trog
Uskayaw
Vehumet
Wu Jian
Xom
Yredelemnul
Zin
The Shining One

Shops:
D:1 [   D:3 :[   D:5 =

Annotations:
D:3 2 transporters, LoggersVIII's ghost, amateur OpEE
D:10 Lodul


Message History

The ogre is almost dead.
You hear a shout!
Casting: Fulminant Prism (dangerous; 3% risk of failure)
Confirm with . or Enter, or press ? or * to list all spells.
Aiming: Fulminant Prism (dangerous; 3% risk of failure)
Press: ? - help, Dir - move target You conjure a prism of explosive energy!
A fulminant prism comes into view.
Unknown command.
Your fulminant prism crackles loudly.
Your fulminant prism explodes!
The blast of energy engulfs the ogre!
You kill the ogre!
Vehumet accepts your kill.
You feel your power returning.
You hear a shout!
Unknown command.
Lodul the Thunderous comes into view.
He is wielding a +0 dire flail and carrying a wand of polymorph.
Lodul shouts!
Electricity crackles from Lodul's apparatus.
The bolt of lightning hits you!!
Ouch! That really hurt!
* * * LOW HITPOINT WARNING * * *
Danger!
Unknown command.
Casting: Fulminant Prism (dangerous; 3% risk of failure)
Confirm with . or Enter, or press ? or * to list all spells.
Aiming: Fulminant Prism (dangerous; 3% risk of failure)
Press: ? - help, Dir - move target You conjure a prism of explosive energy!
Magical energy flows into your mind!
A fulminant prism comes into view.
Unknown command.
Electricity crackles from Lodul's apparatus.
The bolt of lightning hits you!!
* * * LOW HITPOINT WARNING * * *
Your fulminant prism crackles loudly.
Your fulminant prism explodes!
The blast of energy engulfs Lodul!
Lodul is severely wounded.
Unknown command.
Casting: Fulminant Prism (dangerous; 3% risk of failure)
Confirm with . or Enter, or press ? or * to list all spells.
Aiming: Fulminant Prism (dangerous; 3% risk of failure)
Press: ? - help, Dir - move target You conjure a prism of explosive energy!
A fulminant prism comes into view.
Electricity crackles from Lodul's apparatus.
The bolt of lightning hits you!
You die...

#..#### ###.#### #.....#
#.O)...#
#.....#######..)...#
#...........#..)...#
......#####....*...#
#.....# ###......# #.....#
#......# #.....# #......#
#...).# ####@### ###.###
#.# #.# #.# #.# #.# ##.###
#.# #....# #.# ##....# #.#
......# #.##
##....##########..#######.


You could see Lodul (ally target) and a friendly fulminant prism.

Vanquished Creatures
  Harold (D:10)
  Pikel (D:5)
  A cyclops (D:8)
  Maurice (D:7)
  Joseph (D:7)
  Maggie (D:8)
  Jeremiah (D:7)
  A kobold demonologist (D:10)
  Grinder (D:5)
  A hornet (D:8)
  A blink frog (shapeshifter) (D:10)
  A wraith (D:10)
  16 yaks (D:9)
  2 water moccasins
  3 orc warriors
  A sky beast (D:8)
  A black bear (D:7)
  9 ogres
  3 centaurs
  2 lemures (D:5)
  A phantom (D:4)
  A kobold brigand (D:10)
  A gnoll sergeant (D:9)
  4 bullfrogs
  3 scorpions
  A wight (D:7)
  8 killer bees (D:9)
  6 howler monkeys
  3 hounds
  A bombardier beetle (D:4)
  2 jellies
  5 orc priests
  A gnoll bouda (D:8)
  2 sleepcaps
  3 iguanas
  8 orc wizards
  15 gnolls
  2 adders
  A shadow imp (D:6)
  2 white imps
  2 dart slugs
  A ribbon worm (D:3)
  28 orcs
  9 ball pythons
  3 endoplasms
  A giant cockroach (D:1)
  9 goblins
  4 hobgoblins
  4 jackals (D:4)
  9 kobolds
  2 quokkas (D:1)
  4 bats
  4 frilled lizards
  5 rats
204 creatures vanquished.

Vanquished Creatures (others)
  106 fulminant prisms
106 creatures vanquished.

Grand Total: 310 creatures vanquished

Notes
Turn   | Place    | Note
-------+----------+-------------------------------------------
     0 | D:1      | Sobieck the Deep Elf Conjurer began the quest for the Orb.
     0 | D:1      | Reached XP level 1. HP: 10/10 MP: 6/6
   128 | D:1      | Reached XP level 2. HP: 15/15 MP: 2/8
   129 | D:1      | Reached skill level 1 in Alchemy
   192 | D:1      | Learned a level 2 spell: Searing Ray
   228 | D:1      | Found Legrilod's Antique Armour Emporium.
   312 | D:1      | Found a faded altar of an unknown god.
   965 | D:2      | Reached XP level 3. HP: 19/19 MP: 2/10
   976 | D:2      | Reached skill level 4 in Spellcasting
  1117 | D:2      | Reached XP level 4. HP: 24/24 MP: 6/12
  1355 | D:2      | You fall into a shaft and drop 1 floor!
  1863 | D:3      | Noticed an ogre
  1868 | D:3      | Noticed LoggersVIII's ghost (amateur OpEE)
  1874 | D:3      | Found a transporter.
  1987 | D:3      | Found Joeqo's Antique Armour Boutique.
  2115 | D:3      | Found Yrhelisi's Book Shoppe.
  2184 | D:3      | Found a transporter.
  2315 | D:4      | Identified the +0 leather armour of Life {rN++ rCorr}
  2358 | D:4      | Noticed a phantom
  2366 | D:4      | Killed a phantom
  2367 | D:4      | Reached skill level 5 in Spellcasting
  2367 | D:4      | Reached skill level 3 in Alchemy
  2367 | D:4      | Reached XP level 5. HP: 20/28 MP: 4/14
  2467 | D:4      | Learned a level 4 spell: Fulminant Prism
  2704 | D:4      | Noticed an ogre
  2709 | D:4      | Killed an ogre
  2710 | D:4      | Reached skill level 6 in Conjurations
  2710 | D:4      | Reached XP level 6. HP: 32/32 MP: 7/16
  2995 | D:4      | Reached skill level 6 in Spellcasting
  3296 | D:4      | Identified the +5 ring mail of Recklessness {rC+ Dex+6}
  3426 | D:5      | Entered Level 5 of the Dungeon
  3434 | D:5      | Reached XP level 7. HP: 34/36 MP: 10/18
  3876 | D:5      | Reached skill level 7 in Spellcasting
  3970 | D:5      | Found Kigybuo's Jewellery Boutique.
  4082 | D:5      | Noticed Grinder
  4252 | D:5      | Killed Grinder
  4253 | D:5      | Reached skill level 8 in Spellcasting
  4253 | D:5      | Reached XP level 8. HP: 41/41 MP: 15/22
  4414 | D:5      | Noticed Pikel
  4423 | D:5      | Killed Pikel
  4424 | D:5      | Reached skill level 9 in Spellcasting
  4805 | D:6      | Found a sacrificial altar of Ru.
  4866 | D:6      | Learned a level 4 spell: Iskenderun's Mystic Blast
  5045 | D:6      | Reached skill level 9 in Conjurations
  5080 | D:6      | Reached skill level 10 in Spellcasting
  5217 | D:6      | Found a shadowy altar of Dithmenos.
  5218 | D:6      | Found a shimmering blue altar of Sif Muna.
  5225 | D:6      | Found an ancient bone altar of Kikubaaqudgha.
  5227 | D:6      | Found a white marble altar of Elyvilon.
  5228 | D:6      | Found a bloodstained altar of Trog.
  5620 | D:5      | Bought an amulet of magic regeneration for 360 gold pieces
  6056 | D:7      | Noticed Joseph
  6102 | D:7      | Reached XP level 9. HP: 35/45 MP: 21/25
  6146 | D:7      | Noticed Jeremiah
  6158 | D:7      | Killed Jeremiah
  6159 | D:7      | Reached skill level 11 in Spellcasting
  6159 | D:7      | Reached skill level 3 in Translocations
  6236 | D:7      | Something stole an orb of energy
  6250 | D:7      | Noticed Maurice
  6329 | D:7      | Killed Maurice
  6367 | D:7      | Killed Joseph
  6368 | D:7      | Reached skill level 1 in Fighting
  6368 | D:7      | Reached skill level 3 in Dodging
  6368 | D:7      | Reached skill level 3 in Stealth
  6423 | D:7      | Found a staircase to the Ecumenical Temple.
  6437 | Temple   | Entered the Ecumenical Temple
  6468 | Temple   | Became a worshipper of Vehumet
  6549 | D:7      | Found a snail-covered altar of Cheibriados.
  6611 | D:7      | Found a sparkling altar of Nemelex Xobeh.
  6781 | D:7      | Found a blossoming altar of Fedhas.
  6862 | D:7      | Found a hide-covered altar of Uskayaw.
  6900 | D:8      | Noticed Maggie
  6911 | D:8      | Killed Maggie
  7096 | D:8      | Noticed a cyclops
  7103 | D:8      | Reached XP level 10. HP: 53/53 MP: 22/27
  7108 | D:8      | Killed a cyclops
  7109 | D:8      | Reached skill level 12 in Spellcasting
  7885 | D:8      | Found a hazy altar of Hepliaklqana.
  8032 | D:9      | Reached * piety under Vehumet
  8032 | D:9      | Offered knowledge of Sandblast by Vehumet.
  8240 | D:9      | Reached skill level 3 in Fighting
  8240 | D:9      | Reached skill level 13 in Spellcasting
  8268 | D:9      | Learned a level 4 spell: Olgreb's Toxic Radiance
  8400 | D:9      | Reached skill level 6 in Alchemy
  8467 | D:9      | Reached ** piety under Vehumet
  8511 | D:9      | Offered knowledge of Scorch by Vehumet.
  8684 | D:9      | Reached XP level 11. HP: 60/60 MP: 26/30
  8905 | D:9      | Found a broken altar of Ashenzari.
  8905 | D:9      | Found a glowing silver altar of Zin.
  9118 | D:10     | Entered Level 10 of the Dungeon
  9346 | D:10     | Noticed Harold
  9355 | D:10     | Killed Harold
  9454 | D:10     | Noticed Lodul
  9458 | D:10     | Killed from afar by Lodul

Illustrated notes

Levels and vault maps discovered:
D:1:      onia_arrival_handbag, layout_rooms, serial_shops,
          nicolae_diamond_shop, dreamdust_ecumenical_altar_angels_and_demons,
          minmay_misc_feat_columns
D:2:      layout_loops_ring
D:3:      layout_basic, gammafunk_ghost_arena, serial_shops, shop_statue, shop
D:4:      layout_basic
D:5:      layout_basic, serial_shops, shop, minmay_misc_feat_plants, uniq_pikel,
          uniq_grinder
D:6:      layout_basic, minitemple, mainiacjoe_overflow_chevrons
D:7:      layout_cave_pools, lemuel_tele_altar, lemuel_crystal_altar,
          kennysheep_mini, fedhas_altar_4, minmay_temple_entry_proselytizer,
          serial_column_ruins, column_ruins_open_small, column_ruins_corridor_T,
          column_ruins_grid_3, column_ruins_columns_straight,
          column_ruins_open_large, column_ruins_grid_1, column_ruins_grid_3,
          minmay_between, uniq_jeremiah, uniq_joseph, uniq_maurice
D:8:      layout_gridville, nicolae_overflow_crystal_walls, enter_bailey_3,
          minmay_quadrilaterals, uniq_maggie
D:9:      layout_gridville, amethyst_overflow_temple_binary
D:10:     layout_roguey, chequers_serial_rivers_micro_d, minmay_misc_feat_cross,
          uniq_lodul, uniq_harold
Temple:   jpeg_temple_island

Skill      XL: |  1  2  3  4  5  6  7  8  9 10 11 |
---------------+----------------------------------+-----
Alchemy        | 1 2 3 4 5 7 8 |  8.0
Spellcasting   | 4 5 6 8 10 11 13 | 13.4
Conjurations   | 5 6 7 9 10 11 | 11.2
Translocations | 5 |  5.0
Fighting       | 1 3 |  3.3
Dodging        | 4 5 |  5.7
Stealth        | 4 5 |  5.0

Action                     |  1- 3 |  4- 6 |  7- 9 | 10-12 || total
---------------------------+-------+-------+-------+-------++-------
  Melee: Staff             |       |       |       |     1 ||     1
   Cast: Magic Dart        |    46 |    63 |    13 |     5 ||   127
         Searing Ray       |     3 |    14 |    13 |       ||    30
         Fulminant Prism   |       |       |    52 |    55 ||   107
         Iskenderun's Myst |       |       |    13 |     6 ||    19
         Olgreb's Toxic Ra |       |       |       |    24 ||    24
    Use: Scroll            |       |     2 |     7 |     4 ||    13
 Armour: Robe              |     3 |     7 |    26 |       ||    36
         Steam dragon scal |       |       |     3 |    13 ||    16
  Dodge: Dodged            |     3 |    12 |    25 |    34 ||    74
